 Dungeon Crawl Stone Soup version 0.31-a0-654-gbe3e110b4e (webtiles) character file.

Game seed: 11518471811157742670

1168 rjrrt the Fighter (level 8, -2/69 HPs)
             Began as a Demonspawn Berserker on Aug 30, 2023.
             Was a Believer of Trog.
             Slain by a vampire mosquito (7 damage)
             ... on level 5 of the Dungeon.
             The game lasted 00:09:27 (3174 turns).

rjrrt the Fighter (Demonspawn Berserker)            Turns: 3174, Time: 00:09:28

Health: -2/69      AC: 12    Str: 21    XL:     8   Next: 17%
Magic:  8/8        EV: 10    Int:  8    God:    Trog [**....]
Gold:   157        SH:  4    Dex: 12    Spells: 7/7 levels left

rFire   . . .        a - +0 hand axe
rCold   . . .        (no shield)
rNeg    . . .        w - +0 scale mail
rPois   +            t - +0 helmet {SInv}
rElec   .            (no cloak)
rCorr   .            (no gloves)
SInv    +            j - +0 pair of boots
Will    .....        (no amulet) Stlth
                     g - +4 ring of protection
HPRegen 0.31/turn    e - ring of poison resistance
MPRegen 0.22/turn

%: no passive effects
@: mighty, hasted, studying Fighting, very quick
A: hooves 1, large bone plates 1, ignite blood 1, magic regeneration
a: Renounce Religion, Berserk, Trog's Hand


You were on level 5 of the Dungeon.
You worshipped Trog.
Trog was pleased with you.
You visited 1 branch of the dungeon, and saw 5 of its levels.

You collected 157 gold pieces.

Inventory:

Hand Weapons
 a - a +0 hand axe (weapon)
 l - a +1 war axe
 n - a +0 trident
Missiles
 b - 4 javelins (quivered)
Armour
 j - a +0 pair of boots (worn)
 t - a +0 helmet of see invisible (worn)
 w - a +0 scale mail (worn)
Jewellery
 e - a ring of poison resistance (right hand)
 g - a +4 ring of protection (left hand)
Wands
 s - a wand of paralysis (8)
Scrolls
 d - 2 scrolls of enchant weapon
 h - a scroll of immolation
 k - 6 scrolls of teleportation
Potions
 c - a potion of invisibility
 i - a potion of might
 m - a potion of attraction
 o - a potion of ambrosia {unknown}
 p - 2 potions of lignification
 r - a potion of enlightenment


   Skills:
 + Level 8.3 Fighting
 * Level 7.9 Axes
 - Level 1.7 Armour
 - Level 1.7 Dodging


You had 7 spell levels left.
You didn't know any spells.
Your spell library was empty.

Dungeon Overview and Level Annotations

Branches:
Dungeon (5/15)
 Temple: D:4-7

Altars:
Ashenzari
Makhleb

Shops:
D:3 (


Innate Abilities, Weirdness & Mutations

You have large cloven feet.
You are partially covered in large bone plates. (SH +4)
Your demonic aura sometimes causes spilled blood to erupt in flames.
You regenerate magic rapidly.


Message History

The vampire mosquito barely misses you.
You miss the vampire mosquito.
The vampire mosquito is severely damaged.
The vampire mosquito closely misses you.
The vampire mosquito bites you.
* * * LOW HITPOINT WARNING * * *
The vampire mosquito draws strength from your injuries!
Unknown command.
You barely miss the vampire mosquito.
The vampire mosquito is heavily damaged.
The vampire mosquito bites you but does no damage.
The vampire mosquito bites you!
* * * LOW HITPOINT WARNING * * *
The vampire mosquito draws strength from your injuries!
Unknown command.
Unknown command.
You feel very mighty all of a sudden.
You recover from your berserk rage.
The vampire mosquito closely misses you.
The vampire mosquito bites you.
* * * LOW HITPOINT WARNING * * *
The vampire mosquito draws strength from your injuries!
Unknown command.
You barely miss the vampire mosquito.
The vampire mosquito is moderately damaged.
You block the vampire mosquito's attack.
Unknown command.
You closely miss the vampire mosquito.
The vampire mosquito is moderately damaged.
The vampire mosquito bites you.
* * * LOW HITPOINT WARNING * * *
The vampire mosquito draws strength from your injuries!
The vampire mosquito barely misses you.
Unknown command.
Unknown command.
Unknown command.
You feel yourself speed up.
You slash the vampire mosquito!
The vampire mosquito is moderately damaged.
The vampire mosquito bites you!
You die...

#.######.....###'## #†# y
#####.#.#....#.....# #.# #.#
....#.#.#.##.#.....# #.# #†#
###.#.#.#.##.#.....# #.# #.#
#.#.#.#.##.#.###.# #.# #y#
#.#.#.#.##[......###.# #.# #
#.#.#.#.##.#.........####.#.#..
#
#.#.#.##########..............#
#
#.............@y.....####.#####
# ######.########......# #... #
#..>..........#.#+#### ##### #
#.####.######.#.#+#### #
#.####.......)......... #
#.....<..#######...(... #
#........'.....+....... #
#........#######....... #
#.#'###### .......


You could see a vampire mosquito.

Vanquished Creatures
  Pikel (D:4)
  Sigmund (D:2)
  3 vampire mosquitoes (D:5)
  A hound (D:4)
  An orc wizard (D:3)
  4 adders
  2 worms (D:2)
  A dart slug (D:4)
  11 orcs
  4 ball pythons
  7 endoplasms
  2 giant cockroaches
  6 goblins
  6 hobgoblins
  4 kobolds
  2 quokkas (D:1)
  2 bats
  A frilled lizard (D:1)
  8 rats
  A spectral kobold (D:1)
68 creatures vanquished.

Notes
Turn   | Place    | Note
-------+----------+-------------------------------------------
     0 | D:1      | rjrrt the Demonspawn Berserker began the quest for the Orb.
     0 | D:1      | Reached XP level 1. HP: 18/18 MP: 1/1
     7 | D:1      | You fall into a shaft and drop 1 floor!
   109 | D:1      | Found a faded altar of an unknown god.
   137 | D:1      | Gained mutation: Your demonic aura sometimes causes spilled
                  | blood to erupt in flames. [demonic ancestry]
   137 | D:1      | Reached XP level 2. HP: 23/23 MP: 2/2
   636 | D:1      | Identified a scroll of acquirement
   636 | D:1      | Acquired a manual of Fighting
   830 | D:2      | Reached ** piety under Trog
   883 | D:2      | Gained mutation: You regenerate magic rapidly. [demonic
                  | ancestry]
   883 | D:2      | Reached XP level 3. HP: 29/29 MP: 3/3
   933 | D:2      | Noticed Sigmund
   939 | D:2      | Killed Sigmund
   940 | D:2      | Reached skill level 4 in Fighting
   940 | D:2      | Reached skill level 5 in Axes
   940 | D:2      | Gained mutation: You are partially covered in large bone
                  | plates. (SH +4) [demonic ancestry]
   940 | D:2      | Reached XP level 4. HP: 38/38 MP: 4/4
   940 | D:2      | Reached XP level 5. HP: 43/43 MP: 5/5
  1298 | D:3      | Reached skill level 5 in Fighting
  1373 | D:3      | Found Mopuf's Antique Weapon Shoppe.
  2261 | D:4      | Reached XP level 6. HP: 49/51 MP: 6/6
  2462 | D:4      | Noticed Pikel
  2482 | D:4      | Killed Pikel
  2483 | D:4      | Reached skill level 7 in Fighting
  2483 | D:4      | Reached XP level 7. HP: 60/60 MP: 7/7
  2553 | D:4      | Found a burning altar of Makhleb.
  2553 | D:4      | Noticed a green death
  2607 | D:4      | Found a broken altar of Ashenzari.
  2939 | D:5      | Entered Level 5 of the Dungeon
  3084 | D:5      | Noticed a vampire mosquito
  3084 | D:5      | Noticed a vampire mosquito
  3102 | D:5      | Noticed a vampire mosquito
  3102 | D:5      | Noticed a vampire mosquito
  3112 | D:5      | Killed a vampire mosquito
  3121 | D:5      | Killed a vampire mosquito
  3122 | D:5      | Reached skill level 8 in Fighting
  3122 | D:5      | Gained mutation: You have large cloven feet. [demonic
                  | ancestry]
  3122 | D:5      | Reached XP level 8. HP: 68/68 MP: 8/8
  3160 | D:5      | HP: 2/69 [vampire mosquito (2)]
  3174 | D:5      | Slain by a vampire mosquito

Illustrated notes

Levels and vault maps discovered:
D:1:      erik_arrival_blinker_ship, layout_rooms,
          dreamdust_ecumenical_altar_drowned_temple, nrook_mini_backslash
D:2:      layout_basic, basic_altar, uniq_sigmund
D:3:      layout_loops_corners, serial_shops, shop
D:4:      minmay_chambers_of_fours, layout_layer_cave,
          makhleb_altar_promises_db, worldfamousw_hep_ancestral_shrine,
          minitemple, minmay_misc_feat_four_crosses, uniq_pikel
D:5:      layout_basic

Skill      XL: |  1  2  3  4  5  6  7 |
---------------+----------------------+-----
Axes           | 3 5 7 |  7.9
Fighting       | 4 5 7 8 |  8.3
Armour         | |  1.7
Dodging        | |  1.7

Action                     |  1- 3 |  4- 6 |  7- 9 || total
---------------------------+-------+-------+-------++-------
  Melee: Hand axe          |    94 |    89 |    72 ||   255
         Punch             |     2 |     1 |     1 ||     4
 Invoke: Berserk           |     2 |     1 |     1 ||     4
    Use: Scroll            |     8 |     6 |     3 ||    17
         Potion            |       |       |     3 ||     3
   Stab: Sleeping          |     1 |       |       ||     1
 Armour: Animal skin       |    21 |     5 |       ||    26
         Ring mail         |       |    22 |     1 ||    23
         Leather armour    |       |     6 |       ||     6
         Scale mail        |       |       |    31 ||    31
  Dodge: Dodged            |    52 |    37 |    47 ||   136
  Block: Other             |       |    14 |    13 ||    27

Table legend: (Time is in decaauts)
 A = Elapsed time spent in this place.
 B = Non-inter-level travel time spent in this place.
 C = Inter-level travel time spent in this place.
 D = Time resting spent in this place.
 E = Time spent auto-exploring this place.
 F = Levels seen in this place.
 G = Mean time per level.
                   A        B        C        D        E       F      G
               +--------+--------+--------+--------+--------+-----+--------+
         Total |   3211 |   3051 |    160 |     84 |   2110 |   5 |  642.2 |
       Dungeon |   3211 |   3051 |    160 |     84 |   2110 |   5 |  642.2 |
               +--------+--------+--------+--------+--------+-----+--------+

Top non-repeatable levels by time:
     D:3: 960 daAuts
     D:4: 888 daAuts
     D:1: 678 daAuts
     D:2: 452 daAuts
     D:5: 230 daAuts
